 Dungeon Sprint DCSS version bcrawl-1.21.2-1-g32d02e0829 (webtiles) character file.

Game seed: 6268118024136283107

36 MordorOrchid the Shield-Bearer (level 3, 0/26 HPs)
             Began as a Fairy Wanderer on Feb 22, 2020.
             Slain by a sky beast (5 damage)
             ... in the Dungeon (Sprint IX: "|||||||||||||||||||||||||||||").
             The game lasted 00:02:32 (87 turns).

MordorOrchid the Shield-Bearer (Fairy Wanderer)       Turns: 87, Time: 00:02:32

Health: 0/26       AC:  4    Str:  9    XL:     3   Next: 37%
Magic:  10/10      EV: 14    Int: 16    God:
Gold:   0          SH:  4    Dex: 12    Spells: 9/10 levels left

rFire    . . .     SeeInvis .   d - +0 short sword
rCold    . . .     Gourm    .   (shield restricted)
rNeg     . . .     Faith    .   (armour unavailable)
rPois    .         Spirit   .   (no helmet)
rElec    .         Reflect  .   (no cloak)
rCorr    .         Harm     .   (no gloves)
MR       .....     NoTele   +   (no boots)
Stlth    ..........             (no amulet)
HPRegen  0.08/turn              (no ring)
MPRegen  0.12/turn              (no ring)

@: flying evasively, hasted, very quick
A: small, magic attunement, unstealthy, unfitting armour, able to fly, AC/SH +4
a: Stop Flying


You were in the Dungeon.
You were not hungry.

You visited 1 branch

Inventory:

Hand Weapons
 a - a +0 dagger
 d - a +0 short sword (weapon)
Armour
 c - a +0 buckler
Scrolls
 k - a scroll of blinking
Potions
 f - a potion of curing
 g - a potion of heal wounds
 i - 2 potions of magic
 j - a potion of berserk rage
Comestibles
 b - a chunk of flesh
 e - a ration {!d}


   Skills:
 - Level 3.2 Fighting
 - Level 4.4 Shields
 - Level 4.0 Spellcasting
 * Level 3.9 Conjurations
   Level 2.1 Summonings
   Level 1.2 Fire Magic
   Level 2.4 Air Magic
   Level 1.1 Evocations


You had 9 spell levels left.
You knew the following spells:

 Your Spells              Type           Power        Failure   Level  Hunger
a - Magic Dart            Conj           ###.         3%          1    None

Your spell library contained the following spells:

 Spells                   Type           Power        Failure   Level  Hunger
 Call Imp                 Summ           ##....       11%         2    None
 Throw Frost              Conj/Ice       #.....       12%         2    None
 Freeze                   Ice            #.....       17%         1    None
 Conjure Flame            Conj/Fire      ##......     17%         3    None
 Mephitic Cloud           Conj/Pois/Air  ##......     22%         3    None
 Blink                    Tloc           N/A          26%         2    None
 Ozocubu's Armour         Chrm/Ice       #.......     45%         3    None
 Spider Form              Tmut/Pois      #..          45%         3    None
 Throw Icicle             Conj/Ice       #.......     58%         4    None
 Summon Ice Beast         Ice/Summ       #.......     71%         4    None


Dungeon Overview and Level Annotations

Branches:
Dungeon (1/1)

Altars:


Innate Abilities, Weirdness & Mutations

Your spells do not cause hunger and MP costs are reduced by 1.
Your bright wings attract enemies. (Stealth-)
You cannot fit into any form of body armour.
Your shimmering scales are hard and can block incoming attacks. (AC +4, SH +4)
You are small and have problems with some larger weapons.
You can fly continuously.


Message History

Aiming: Magic Dart (safe; 3% risk of failure)
Press: ? - help, Shift-Dir - straight line, f/p - bat zombie
Aim: a bat zombie (heavily damaged)
The magic dart hits something but does no damage.
Casting: Magic Dart (safe; 3% risk of failure)
Confirm with . or Enter, or press ? or * to list all spells.
Aiming: Magic Dart (safe; 3% risk of failure)
Press: ? - help, Shift-Dir - straight line, f/p - bat zombie
Aim: a bat zombie (heavily damaged)
The magic dart hits something.
Something hits you. Something shocks you.
Casting: Magic Dart (safe; 3% risk of failure)
Confirm with . or Enter, or press ? or * to list all spells.
Aiming: Magic Dart (safe; 3% risk of failure)
Press: ? - help, Shift-Dir - straight line, f/p - bat zombie
Aim: a bat zombie (heavily damaged)
The magic dart hits something but does no damage.
Something hits you.
* * * LOW HITPOINT WARNING * * *
Something shocks you.
You die... ▓▓▓▓▓▓▓▓▓▓▓▓▓▓▓▓▓▓ ▓<..@÷Z.w..†..w..+ ▓▓▓▓▓▓▓▓▓▓▓▓▓▓▓▓▓▓

You could see a worm and a bat zombie.

Vanquished Creatures
  A jelly (D)
  A leopard gecko (D)
  A giant cockroach (D)
  A kobold (D)
  A frilled lizard (D)
  2 rats (D)
7 creatures vanquished.

Notes
Turn   | Place    | Note
-------+----------+-------------------------------------------
     0 | D        | MordorOrchid the Fairy Wanderer began the quest for the
                  | Orb.
     0 | D        | MordorOrchid set off with the following items: a +0 dagger,
                  | a +0 buckler, a ration {!d}, a potion of curing, a potion
                  | of heal wounds, a potion of haste, 2 potions of magic, a
                  | potion of berserk rage, a scroll of blinking; and the
                  | following spells available to memorise: Call Imp, Freeze,
                  | Magic Dart, Blink, Throw Frost, Mephitic Cloud, Conjure
                  | Flame, Ozocubu's Armour, Spider Form, Summon Ice Beast,
                  | Throw Icicle
     0 | D        | Reached XP level 1. HP: 11/11 MP: 7/7
     3 | D        | Learned a level 1 spell: Magic Dart
    18 | D        | Reached skill level 1 in Conjurations
    24 | D        | Reached skill level 1 in Fighting
    60 | D        | Noticed a jelly
    60 | D        | Noticed a sky beast
    62 | D        | Reached XP level 2. HP: 19/19 MP: 9/9
    79 | D        | Reached XP level 3. HP: 25/26 MP: 10/10
    87 | D        | Slain by a sky beast

Skill      XL: |  1  2 |
---------------+-------+-----
Conjurations   | 2 3 |  3.9
Fighting       | 1 3 |  3.2
Shields        | 2 4 |  4.4
Spellcasting   | |  4.0
Summonings     | |  2.1
Fire Magic     | |  1.2
Air Magic      | |  2.4
Evocations     | |  1.1

Action                   || total
-------------------------++-------
Melee: Dagger            ||    11
 Cast: Magic Dart        ||    27
  Use: Potion            ||     1
Armor: Skin              ||     6
Dodge: Dodged            ||    14
Block: Other             ||     4
